 Dungeon Crawl Stone Soup version 0.27.1-3-gb3d3a73c9e (webtiles) character file.

Game seed: 4058009615839752353

199 omarspendo the Chopper (level 5, 0/47 HPs)
             Began as a Minotaur Berserker on Oct 21, 2021.
             Was a Believer of Trog.
             Slain by an orc (4 damage)
             ... on level 3 of the Dungeon.
             The game lasted 00:15:26 (1878 turns).

omarspendo the Chopper (Minotaur Berserker)         Turns: 1878, Time: 00:15:27

Health: 0/47       AC:  6    Str: 23    XL:     5   Next: 48%
Magic:  4/4        EV: 10    Int:  4    God:    Trog [**....]
Gold:   164        SH:  0    Dex:  9    Spells: 4/4 levels left

rFire    . . .     SeeInvis .   a - +0 hand axe
rCold    . . .     Faith    .   (no shield)
rNeg     . . .     Spirit   .   g - +0 scale mail
rPois    .         Reflect  .   (helmet restricted)
rElec    .         Harm     .   (no cloak)
rCorr    .         Rampage  .   (no gloves)
Will     .....                  (no boots)
Stlth    ..........             (no amulet)
HPRegen  0.15/turn              (no ring)
MPRegen  0.09/turn              (no ring)

@: no status effects
A: horns 2, retaliatory headbutt
a: Renounce Religion, Berserk, Trog's Hand


You were on level 3 of the Dungeon.
You worshipped Trog.
Trog was pleased with you.
You visited 1 branch of the dungeon, and saw 3 of its levels.

You collected 164 gold pieces.

Inventory:

Hand Weapons
 a - a +0 hand axe (weapon)
 j - a +0 club
Missiles
 d - 34 sling bullets
Armour
 b - a +0 animal skin
 g - a +0 scale mail (worn)
Jewellery
 k - a ring of positive energy
Scrolls
 f - a scroll of amnesia {unknown}
Potions
 c - a potion of invisibility {unknown}
 e - a potion of magic
 i - a potion of cancellation {unknown}
 l - a potion of brilliance {unknown}


   Skills:
 + Level 4.8 Fighting
 + Level 5.8 Axes
 + Level 3.4 Armour
 + Level 2.9 Dodging
 + Level 0.3 Stealth


You had 4 spell levels left.
You didn't know any spells.
Your spell library contained the following spells:

 Spells                   Type           Power      Damage    Failure   Level
 Apportation              Tloc           0%         N/A       80%         1
 Wereblood                Tmut           0%         N/A       91%         2
 Petrify                  Tmut/Erth      0%         N/A       100%        4
 Summon Ice Beast         Ice/Summ       0%         N/A       100%        4
 Alistair's Intoxication  Tmut/Pois      0%         N/A       100%        5
 Metabolic Englaciation   Hex/Ice        0%         N/A       100%        5
 Invisibility             Hex            0%         N/A       100%        6


Dungeon Overview and Level Annotations

Branches:
Dungeon (3/15)

Altars:
Trog


Innate Abilities, Weirdness & Mutations

You have a pair of horns on your head.
You reflexively headbutt those who attack you in melee.


Message History

* * * LOW HITPOINT WARNING * * *
You bump into the rock wall.
Something hits you but does no damage.
You slash something!
You feel less confused. Something hits you but does no damage.
You closely miss something. Something hits you.
* * * LOW HITPOINT WARNING * * *
You hit something but do no damage. Something hits you.
* * * LOW HITPOINT WARNING * * *
Your scale mail prevents you from hitting something.
Something hits you but does no damage.
You closely miss something. Your headbutt misses something.
Something hits you but does no damage.
You hit something. Trog accepts your kill.
Trog appreciates your killing of a magic user.
Reactivating autopickup.
You feel a bit more experienced. The bat hits you.
* * * LOW HITPOINT WARNING * * *
As you read the scroll labelled QYNLUALENA, it crumbles to dust.
You hear a loud clanging noise!
It was a scroll of noise.
You hear an angry hiss.
You hear a shout! x4
You see here a bat corpse.
An orc comes into view. It is wielding a +0 mace.
The bat closely misses you. The bat closely misses you. The bat misses you.
The bat barely misses you. The bat hits you but does no damage.
The bat barely misses you. The bat hits you but does no damage. x2
The bat hits you.
* * * LOW HITPOINT WARNING * * *
The bat misses you. You furiously retaliate!
You headbutt the bat!
You kill the bat!
Trog accepts your kill. The orc misses you. You furiously retaliate!
You headbutt the orc.
There is a stone staircase leading up here.
The orc hits you with a +0 hand axe.
You die...

#.######.##############
#.##..................#
#.##.###.############.##
#.##. #.# ##.######...###
#.##.###.###.......†.#....
#.##.......S....####...###
#.##..##S###...## ##...##
#.# #.##o####.## ###.##
#.# #....@.#### #..o
##[###..#.#.## #.##
#.............. #...#
#.........#.### #....
#.####......# ....... #.
#.###### #.#..... #. #.#
...##...# #. #.# .. ...#
#. #.#


You could see an orc and a ball python.

Vanquished Creatures
  3 orc wizards (D:3)
  7 adders
  A worm (D:2)
  2 dart slugs (D:1)
  An orc (D:3)
  6 ball pythons
  3 endoplasms (D:1)
  A giant cockroach (D:2)
  6 hobgoblins
  2 jackals (D:2)
  A quokka (D:1)
  5 bats
  4 frilled lizards
  9 goblins
  3 kobolds (D:2)
  5 rats
59 creatures vanquished.

Vanquished Creatures (others)
  4 fungi (D:1)
  5 toadstools (D:1)
9 creatures vanquished.

Grand Total: 68 creatures vanquished

Notes
Turn   | Place    | Note
-------+----------+-------------------------------------------
     0 | D:1      | omarspendo the Minotaur Berserker began the quest for the
                  | Orb.
     0 | D:1      | Reached XP level 1. HP: 19/19 MP: 0/0
   156 | D:1      | Reached XP level 2. HP: 27/27 MP: 1/1
   169 | D:1      | Reached skill level 4 in Axes
   431 | D:1      | Got the Disquisition on the Shifting Snowflakes
   869 | D:1      | Found a faded altar of an unknown god.
   870 | D:1      | Noticed an eye of devastation
   887 | D:1      | Noticed a floating eye
   887 | D:1      | Noticed a great orb of eyes
   887 | D:1      | Noticed a floating eye
   895 | D:1      | Reached XP level 3. HP: 33/33 MP: 2/2
  1289 | D:2      | Reached XP level 4. HP: 41/41 MP: 3/3
  1322 | D:2      | Reached ** piety under Trog
  1346 | D:2      | Found a bloodstained altar of Trog.
  1436 | D:2      | Reached skill level 5 in Axes
  1812 | D:3      | Reached XP level 5. HP: 14/47 MP: 4/4
  1843 | D:3      | HP: 2/47 [something (2)]
  1863 | D:3      | HP: 2/47 [bat (1)]
  1878 | D:3      | Slain by an orc

Illustrated notes

Levels and vault maps discovered:
D:1:      dpeg_arrival_tiny_a, layout_basic,
          hellmonk_ecumenical_altar_watching_god, minmay_gold_behind_fungi
D:2:      layout_loops_corners, basic_altar, corner_web_ring
D:3:      layout_loops_ring, minmay_fractal_squares_diagonal_5

Skill      XL: |  1  2  3  4 |
---------------+-------------+-----
Fighting       | 4 |  4.8
Axes           | 4 5 |  5.8
Armour         | 3 |  3.4
Dodging        | |  2.9
Stealth        | |  0.3

Action                   |  1- 3 |  4- 6 || total
-------------------------+-------+-------++-------
Melee: Hand axe          |    75 |    67 ||   142
       Headbutt          |    12 |     6 ||    18
  Use: Potion            |     1 |       ||     1
       Scroll            |       |     2 ||     2
Armor: Animal skin       |     6 |       ||     6
       Scale mail        |    15 |    35 ||    50
Dodge: Dodged            |    34 |    41 ||    75
